3L
PHILADELPHIA 1776 BC @ PANAMA CITY PIRANHAS
08/17/2021
 
TOP OF THE 1ST
Philadelphia 1776 BC batting - Pitching for Panama City Piranhas : RHP Richard Sykes
Pitching: RHP Richard Sykes
Batting: RHB Jesús Orozco 0-0: Ball
1-0: Ball
2-0: SINGLE (Groundball, 4MD)
Batting: LHB Sébastien Rolland 0-0: Swinging Strike
0-1: Ball
Jesús Orozco steals 2nd base
1-1: Ball
2-1: Foul Ball, location: 2F
2-2: Ball
3-2: Base on Balls
Batting: LHB Chris Nelson 0-0: Called Strike
0-1: Grounds into double play, 4-6-3 (Groundball, 4)
Jesús Orozco to third
Batting: RHB Joe Smith 0-0: Called Strike
0-1: Ball
1-1: Swinging Strike
1-2: DOUBLE (Line Drive, 89XD)
Jesús Orozco scores
Batting: RHB Yuji Ine 0-0: Ball
1-0: Called Strike
1-1: Fly out, F6 (Popup, 8LS)
Top of the 1st over - 1 run(s), 2 hit(s), 0 error(s), 1 left on base; Philadelphia 1776 1 - Panama City 0
BOTTOM OF THE 1ST
Panama City Piranhas batting - Pitching for Philadelphia 1776 BC : LHP Woody Sullivan
Pitching: LHP Woody Sullivan
Batting: LHB Francisco Sánchez 0-0: Ball
1-0: Foul Ball, location: 2F
1-1: Swinging Strike
1-2: Ball
2-2: Foul Ball, location: 2F
2-2: Foul Ball, location: 2F
2-2: Ball
3-2: Fly out, F2 (Popup, 2LF)
Batting: LHB Melvin Castro 0-0: Ball
1-0: Ball
2-0: Ball
3-0: Swinging Strike
3-1: Called Strike
3-2: Fly out, F8 (Flyball, 8LD)
Batting: SHB Marc Talamante 0-0: SINGLE (Flyball, 78S)
Batting: RHB Cliff Dixon 0-0: Called Strike
0-1: Ball
1-1: Foul Ball, location: 2F
1-2: Ball
2-2: Foul Ball, location: 2F
2-2: Ball
3-2: Ground out 5-3 (Groundball, 5S)
Bottom of the 1st over - 0 run(s), 1 hit(s), 0 error(s), 1 left on base; Philadelphia 1776 1 - Panama City 0
TOP OF THE 2ND
Philadelphia 1776 BC batting - Pitching for Panama City Piranhas : RHP Richard Sykes
Batting: LHB Manuel García 0-0: Ball
1-0: Called Strike
1-1: Fly out, F8 (Flyball, 8LM)
Batting: RHB Ryan Simpson 0-0: Ball
1-0: Ball
2-0: Ground out 5-3 (Groundball, 5)
Batting: RHB Dave Knight 0-0: Ball
1-0: Ball
2-0: Foul Ball, location: 2F
2-1: Foul Ball, location: 2F
2-2: Ball
3-2: Foul Ball, location: 2F
3-2: Ground out 4-3 (Groundball, 4S)
Top of the 2nd over - 0 run(s), 0 hit(s), 0 error(s), 0 left on base; Philadelphia 1776 1 - Panama City 0
BOTTOM OF THE 2ND
Panama City Piranhas batting - Pitching for Philadelphia 1776 BC : LHP Woody Sullivan
Batting: RHB Brad Perry 0-0: Called Strike
0-1: Fly out, F7 (Flyball, 7M)
Batting: LHB Arturo Guzmán 0-0: Ball
1-0: Called Strike
1-1: Ball
2-1: Ball
3-1: Called Strike
3-2: Ground out 1-3 (Groundball, 25)
Batting: RHB Fernando López 0-0: Swinging Strike
0-1: SINGLE (Groundball, 56)
Batting: RHB Kyle Taylor 0-0: Ball
1-0: Ball
2-0: Fly out, F8 (Line Drive, 78M)
Bottom of the 2nd over - 0 run(s), 1 hit(s), 0 error(s), 1 left on base; Philadelphia 1776 1 - Panama City 0
TOP OF THE 3RD
Philadelphia 1776 BC batting - Pitching for Panama City Piranhas : RHP Richard Sykes
Batting: RHB António Granados 0-0: Swinging Strike
0-1: Ground out 5-3 (Groundball, 56S)
Batting: RHB Jesús Orozco 0-0: SINGLE (Line Drive, 89S)
Batting: LHB Sébastien Rolland 0-0: Ball
1-0: Fielders Choice at 2nd, 3-6 (Groundball, 3)
Batting: LHB Chris Nelson 0-0: Ball
Throwing error on steal attempt, E2
Sébastien Rolland to third
1-0: Called Strike
1-1: Foul Ball, location: 2F
1-2: Foul Ball, location: 2F
1-2: Ground out 3-1 (Groundball, 34S)
Top of the 3rd over - 0 run(s), 1 hit(s), 1 error(s), 1 left on base; Philadelphia 1776 1 - Panama City 0
BOTTOM OF THE 3RD
Panama City Piranhas batting - Pitching for Philadelphia 1776 BC : LHP Woody Sullivan
Batting: RHB Tim Barnes 0-0: Ball
1-0: Ball
2-0: Swinging Strike
2-1: Ground out 6-3 (Groundball, 6M)
Batting: LHB Francisco Sánchez 0-0: Ball
1-0: Ball
2-0: Foul Ball, location: 2F
2-1: Ground out 4-3 (Groundball, 34)
Batting: LHB Melvin Castro 0-0: Called Strike
0-1: Foul Ball, location: 2F
0-2: Ball
1-2: Fly out, F8 (Flyball, 8RM)
Bottom of the 3rd over - 0 run(s), 0 hit(s), 0 error(s), 0 left on base; Philadelphia 1776 1 - Panama City 0
TOP OF THE 4TH
Philadelphia 1776 BC batting - Pitching for Panama City Piranhas : RHP Richard Sykes
Batting: RHB Joe Smith 0-0: Ball
1-0: Called Strike
1-1: TRIPLE (Line Drive, 8RD)
Batting: RHB Yuji Ine 0-0: Ball
1-0: Called Strike
1-1: DOUBLE (Flyball, 7LD)
Joe Smith scores
Batting: LHB Manuel García 0-0: Fly out, F7 (Flyball, 7M)
Batting: RHB Ryan Simpson 0-0: Ball
1-0: Ground out 6-3 (Groundball, 6D)
Batting: RHB Dave Knight 0-0: Foul Ball, location: 2F
0-1: Swinging Strike
0-2: Foul Ball, location: 2F
0-2: Ball
1-2: Ball
2-2: Ball
3-2: Foul Ball, location: 2F
3-2: Strikes out swinging
Top of the 4th over - 1 run(s), 2 hit(s), 0 error(s), 1 left on base; Philadelphia 1776 2 - Panama City 0
BOTTOM OF THE 4TH
Panama City Piranhas batting - Pitching for Philadelphia 1776 BC : LHP Woody Sullivan
Batting: SHB Marc Talamante 0-0: Swinging Strike
0-1: Ball
1-1: SINGLE (Line Drive, 6MD)
Batting: RHB Cliff Dixon 0-0: DOUBLE (Line Drive, 8RS)
Marc Talamante to third
Batting: RHB Brad Perry 0-0: Ball
1-0: Foul Ball, location: 2F
1-1: Swinging Strike
1-2: Foul Ball, location: 2F
1-2: Strikes out swinging
Batting: LHB Arturo Guzmán 0-0: Ball
1-0: Called Strike
1-1: Ball
2-1: Swinging Strike
2-2: Ball
3-2: Fly out, F2 (Popup, 2LF)
Batting: RHB Fernando López 0-0: Ball
1-0: Ground out 6-3 (Groundball, 6)
Bottom of the 4th over - 0 run(s), 2 hit(s), 0 error(s), 2 left on base; Philadelphia 1776 2 - Panama City 0
TOP OF THE 5TH
Philadelphia 1776 BC batting - Pitching for Panama City Piranhas : RHP Richard Sykes
Batting: RHB António Granados 0-0: Ball
1-0: Ground out 6-3 (Groundball, 6)
Batting: RHB Jesús Orozco 0-0: Ball
1-0: Swinging Strike
1-1: Ball
2-1: Ball
3-1: Foul Ball, location: 2F
3-2: Ground out 5-3 (Groundball, 5)
Batting: LHB Sébastien Rolland 0-0: Ball
1-0: Foul Ball, location: 2F
1-1: Foul Ball, location: 2F
1-2: Foul Ball, location: 2F
1-2: Strikes out swinging
Top of the 5th over - 0 run(s), 0 hit(s), 0 error(s), 0 left on base; Philadelphia 1776 2 - Panama City 0
BOTTOM OF THE 5TH
Panama City Piranhas batting - Pitching for Philadelphia 1776 BC : LHP Woody Sullivan
Batting: RHB Kyle Taylor 0-0: Called Strike
0-1: Ball
1-1: Foul Ball, location: 2F
1-2: Ball
2-2: Fly out, F8 (Flyball, 8LD)
Batting: RHB Tim Barnes 0-0: Ball
1-0: Ground out 6-3 (Groundball, 6)
Batting: LHB Francisco Sánchez 0-0: Called Strike
0-1: Swinging Strike
0-2: Foul Ball, location: 2F
0-2: Strikes out swinging
Bottom of the 5th over - 0 run(s), 0 hit(s), 0 error(s), 0 left on base; Philadelphia 1776 2 - Panama City 0
TOP OF THE 6TH
Philadelphia 1776 BC batting - Pitching for Panama City Piranhas : RHP Richard Sykes
Batting: LHB Chris Nelson 0-0: Called Strike
0-1: Ball
1-1: Ball
2-1: Called Strike
2-2: Fly out, F7 (Flyball, 7M)
Batting: RHB Joe Smith 0-0: Ball
1-0: Called Strike
1-1: Swinging Strike
1-2: Ground out 5-3 (Groundball, 5L)
Batting: RHB Yuji Ine 0-0: Ball
1-0: Foul Ball, location: 2F
1-1: Called Strike
1-2: Ball
2-2: Foul Ball, location: 2F
2-2: Foul Ball, location: 2F
2-2: Ball
3-2: SINGLE (Line Drive, 4MD)
Batting: LHB Manuel García 0-0: Ball
1-0: Ball
2-0: Swinging Strike
2-1: Ball
3-1: Swinging Strike
3-2: Foul Ball, location: 2F
3-2: Strikes out looking
Top of the 6th over - 0 run(s), 1 hit(s), 0 error(s), 1 left on base; Philadelphia 1776 2 - Panama City 0
BOTTOM OF THE 6TH
Panama City Piranhas batting - Pitching for Philadelphia 1776 BC : LHP Woody Sullivan
Batting: LHB Melvin Castro 0-0: Called Strike
0-1: Called Strike
0-2: Foul Ball, location: 2F
0-2: Foul Ball, location: 2F
0-2: Ball
1-2: Ball
2-2: Strikes out swinging
Batting: SHB Marc Talamante 0-0: Ball
1-0: Called Strike
1-1: Fly out, F2 (Popup, 2RF)
Batting: RHB Cliff Dixon 0-0: Called Strike
0-1: Foul Ball, location: 2F
0-2: Ball
1-2: Foul Ball, location: 2F
1-2: SINGLE (Line Drive, 34)
Batting: RHB Brad Perry 0-0: Swinging Strike
0-1: Called Strike
0-2: Ball
1-2: Ball
2-2: Fly out, F4 (Popup, 4M)
Bottom of the 6th over - 0 run(s), 1 hit(s), 0 error(s), 1 left on base; Philadelphia 1776 2 - Panama City 0
TOP OF THE 7TH
Philadelphia 1776 BC batting - Pitching for Panama City Piranhas : RHP Richard Sykes
Batting: RHB Ryan Simpson 0-0: Ball
1-0: Called Strike
1-1: SINGLE (Groundball, 6MS) (infield hit)
Batting: RHB Dave Knight 0-0: Bunt missed!
0-1: Ball
1-1: Sac Bunt - play at first, batter OUT! 5-4
Ryan Simpson to second
Batting: RHB António Granados 0-0: Ball
Ryan Simpson steals 3rd base
1-0: Swinging Strike
1-1: Ground out 5-3 (Groundball, 56S)
Batting: RHB Jesús Orozco 0-0: Ball
1-0: Called Strike
1-1: Fly out, F9 (Line Drive, 9M)
Top of the 7th over - 0 run(s), 1 hit(s), 0 error(s), 1 left on base; Philadelphia 1776 2 - Panama City 0
BOTTOM OF THE 7TH
Panama City Piranhas batting - Pitching for Philadelphia 1776 BC : LHP Woody Sullivan
Batting: LHB Arturo Guzmán 0-0: Fly out, F9 (Flyball, 9LM)
Batting: RHB Fernando López 0-0: Ground out 6-3 (Groundball, 6)
Batting: RHB Kyle Taylor 0-0: Called Strike
0-1: Ball
1-1: Ball
2-1: Fly out, F7 (Line Drive, 7S)
Bottom of the 7th over - 0 run(s), 0 hit(s), 0 error(s), 0 left on base; Philadelphia 1776 2 - Panama City 0
TOP OF THE 8TH
Philadelphia 1776 BC batting - Pitching for Panama City Piranhas : RHP Richard Sykes
Batting: LHB Sébastien Rolland 0-0: Ball
1-0: Called Strike
1-1: Foul Ball, location: 2F
1-2: Strikes out swinging
Batting: LHB Chris Nelson 0-0: Called Strike
0-1: Called Strike
0-2: Ground out 3-1 (Groundball, 34S)
Batting: RHB Joe Smith 0-0: Foul Ball, location: 2F
0-1: Ball
1-1: Ball
2-1: Called Strike
2-2: Ball
3-2: Foul Ball, location: 2F
3-2: Foul Ball, location: 2F
3-2: Fly out, F8 (Flyball, 8LXD)
Top of the 8th over - 0 run(s), 0 hit(s), 0 error(s), 0 left on base; Philadelphia 1776 2 - Panama City 0
BOTTOM OF THE 8TH
Panama City Piranhas batting - Pitching for Philadelphia 1776 BC : LHP Woody Sullivan
Batting: RHB Tim Barnes 0-0: Swinging Strike
0-1: Ball
1-1: Swinging Strike
1-2: Ball
2-2: Foul Ball, location: 2F
2-2: Ground out 3-1 (Groundball, 34)
Batting: LHB Francisco Sánchez 0-0: Foul Ball, location: 2F
0-1: Ball
1-1: Ball
2-1: Called Strike
2-2: SINGLE (Flyball, 8LS)
Pitching: LHP Michael Campbell
Batting: LHB Melvin Castro 0-0: Called Strike
0-1: Grounds into double play, 6-4-3 (Groundball, 6)
Bottom of the 8th over - 0 run(s), 1 hit(s), 0 error(s), 0 left on base; Philadelphia 1776 2 - Panama City 0
TOP OF THE 9TH
Philadelphia 1776 BC batting - Pitching for Panama City Piranhas : RHP Richard Sykes
Pitching: RHP Iván Ledesma Jr.
Batting: RHB Yuji Ine 0-0: Called Strike
0-1: Called Strike
0-2: Ball
1-2: Ball
2-2: Strikes out swinging
Batting: LHB Manuel García 0-0: Foul Ball, location: 2F
0-1: Ball
1-1: Fly out, F7 (Line Drive, 78M)
Batting: RHB Ryan Simpson 0-0: Ball
1-0: Foul Ball, location: 2F
1-1: Ball
2-1: Foul Ball, location: 2F
2-2: Ball
3-2: Fly out, F7 (Flyball, 78M)
Top of the 9th over - 0 run(s), 0 hit(s), 0 error(s), 0 left on base; Philadelphia 1776 2 - Panama City 0
BOTTOM OF THE 9TH
Panama City Piranhas batting - Pitching for Philadelphia 1776 BC : LHP Michael Campbell
Pitching: RHP Ray Gordon
Batting: SHB Marc Talamante 0-0: Ball
1-0: Ball
2-0: Fly out, F8 (Flyball, 8LM)
Batting: RHB Cliff Dixon 0-0: Ball
1-0: Foul Ball, location: 2F
1-1: Fly out, F8 (Flyball, 8RXD)
Batting: RHB Brad Perry 0-0: Ball
1-0: Called Strike
1-1: SOLO HOME RUN (Flyball, 7LD), Distance : 328 ft
Batting: LHB Arturo Guzmán 0-0: Ground out U3 (Groundball, 3L)
Bottom of the 9th over - 1 run(s), 1 hit(s), 0 error(s), 0 left on base; Philadelphia 1776 2 - Panama City 1
This league is powered by Out of the Park Baseball, the baseball management simulation game for PC, Mac and Linux
Friday, January 22nd, 2016 - OOTP Baseball 16.9 Build 39